 Dungeon Crawl Stone Soup version 0.31-a0-229-g1fc7ce93e2 (webtiles) character file.

Game seed: 11281761167237673664

92 qw the Shooter (level 4, -3/36 HPs)
             Began as a Minotaur Hexslinger on July 6, 2023.
             Slain by Terence
             ... wielding a +0 mace
              (6 damage)
             ... on level 2 of the Dungeon.
             The game lasted 00:00:33 (1159 turns).

qw the Shooter (Minotaur Hexslinger)                Turns: 1159, Time: 00:00:34

Health: -3/36      AC:  3    Str: 12    XL:     4   Next: 35%
Magic:  4/4        EV: 12    Int: 10    God:
Gold:   162        SH:  5    Dex: 15    Spells: 4/5 levels left

rFire   . . .        Y - +1 sling
rCold   . . .        (no shield)
rNeg    . . .        e - +0 leather armour
rPois   +            (helmet restricted)
rElec   .            (no cloak)
rCorr   +            (no gloves)
SInv    .            (no boots)
Will    .....        c - amulet "Afa Huol" {Reflect rPois rCorr SH+5}
Stlth   +            (no ring)
HPRegen 0.26/turn    (no ring)
MPRegen 0.09/turn

%: reflection
@: about to teleport
A: horns 2, retaliatory headbutt
a: no special abilities


You were on level 2 of the Dungeon.
You visited 1 branch of the dungeon, and saw 2 of its levels.

You collected 162 gold pieces.


Innate Abilities, Weirdness & Mutations

You have a pair of horns on your head.
You reflexively headbutt those who attack you in melee.


   Skills:
 - Level 2.0 Fighting
 + Level 4.9 Ranged Weapons
 - Level 2.1 Dodging
 - Level 1.0 Spellcasting
 - Level 2.0 Hexes


You had 4 spell levels left.
You knew the following spells:

 Your Spells              Type           Power      Damage    Failure   Level
a - Slow                  Hex            16%        N/A       19%         1

Your spell library contained the following spells:

 Spells                   Type           Power      Damage    Failure   Level
 Inner Flame              Hex/Fire       2%         N/A       65%         3
 Portal Projectile        Hex/Tloc       4%         N/A       65%         3
 Cause Fear               Hex            2%         N/A       88%         4

Inventory:

Hand Weapons
 Y - a +1 sling (weapon)
Armour
 e - a +0 leather armour (worn)
 f - a +0 ring mail
Jewellery
 c - the amulet "Afa Huol" (around neck) {Reflect rPois rCorr SH+5}
   (You acquired it on level 1 of the Dungeon)

   [amulet of reflection]

   It reflects blocked missile attacks.
   rPois:     It protects you from poison.
   rCorr:     It protects you from acid and corrosion.
   SH:        It affects your SH (+5).
 j - a +4 ring of slaying {mikee}
Scrolls
 b - a scroll of fear {unknown}
 d - a scroll of immolation {unknown}
 i - a scroll of identify {unknown}
Potions
 g - a potion of invisibility
 h - a potion of curing {unknown}

Dungeon Overview and Level Annotations

Branches:
Dungeon (2/15)

Altars:

Annotations:
D:2 Terence


Message History

You shoot a sling bullet. The sling bullet hits Terence.
Terence is moderately wounded.
Terence hits you with a +0 mace! Terence hits you with a +0 mace.
You shoot a sling bullet.
The sling bullet hits Terence but does no damage.
Terence is moderately wounded.
Terence hits you with a +0 mace.
You shoot a sling bullet. The sling bullet hits Terence.
Terence is heavily wounded.
You block Terence's attack.
You shoot a sling bullet.
The sling bullet hits Terence but does no damage.
Terence is heavily wounded.
Terence hits you with a +0 mace.
You shoot a sling bullet.
The sling bullet closely misses Terence.
Terence completely misses you.
You shoot a sling bullet. The sling bullet barely misses Terence.
Terence shouts, "Get ready for death!"
Terence hits you with a +0 mace.
You shoot a sling bullet. The sling bullet barely misses Terence.
Terence says, "Don't bother to defend, it's pointless."
Terence barely misses you.
You shoot a sling bullet.
The sling bullet hits Terence but does no damage.
Terence is heavily wounded.
Terence hits you with a +0 mace. x2
1156 ||| READING scroll of teleportation.
As you read the scroll of teleportation, it crumbles to dust.
You feel strangely unstable. Terence completely misses you.
You shoot a sling bullet. The sling bullet barely misses Terence.
Terence hits you with a +0 mace.
You shoot a sling bullet. The sling bullet hits Terence.
Terence is heavily wounded.
Terence hits you but does no damage.
You shoot a sling bullet. The sling bullet hits Terence.
Terence is severely wounded.
Terence hits you with a +0 mace.
You die...

............#
..####.##.### .#
.......##.# .#
######....###### .#
####.~~~~~~ .# ## #.#
### .# .# #.# ... .# .#
#.###.###@# .###
#...#.#.@.# ...##
###.#.#.### (...###
#.....# # ..#...#
#.##### #. ....#.# #.#
##.# ##.##.# #.# ##...#
#### #.##.#
#.#########.....####...
##.##.#
#.................##.##
#.....#
######.####.....#......


You could see Terence.

Vanquished Creatures
  Natasha (D:2)
  3 adders (D:2)
  3 endoplasms
  3 giant cockroaches (D:1)
  3 goblins
  5 hobgoblins
  A quokka (D:1)
  3 ball pythons (D:1)
  4 bats (D:1)
  4 frilled lizards
  4 kobolds
  8 rats
42 creatures vanquished.

Notes
Turn   | Place    | Note
-------+----------+-------------------------------------------
     0 | D:1      | qw the Minotaur Hexslinger began the quest for the Orb.
     0 | D:1      | Reached XP level 1. HP: 16/16 MP: 1/1
     0 | D:1      | 0 ||| qw: Version: 0.3-a-46-gb1f654a
     0 | D:1      | 0 ||| qw: Game counter: 1561
     0 | D:1      | 0 ||| qw: Melee chars always use a shield: true
     0 | D:1      | 0 ||| qw: God list: Okawaru
     0 | D:1      | 0 ||| qw: Allow faded altars: false
     0 | D:1      | 0 ||| qw: Do Orc after clearing Dungeon:15 true
     0 | D:1      | 0 ||| qw: Do second Lair branch before Depths: true
     0 | D:1      | 0 ||| qw: Lair rune preference: random
     0 | D:1      | 0 ||| qw: Goals: Normal
     0 | D:1      | 0 ||| PLANNING D:1-11
   197 | D:1      | Reached skill level 3 in Ranged Weapons
   243 | D:1      | Reached XP level 2. HP: 23/23 MP: 2/2
   712 | D:1      | Reached XP level 3. HP: 29/29 MP: 3/3
   815 | D:1      | 815 ||| UPGRADING to +0 leather armour.
   825 | D:1      | 825 ||| DROPPING +0 robe.
   826 | D:1      | 826 ||| READING 2 scrolls labelled PEEGHO YNUOSHARE.
   830 | D:1      | 830 ||| READING scroll labelled KEUTZI SEIGI.
   830 | D:1      | Identified a scroll of acquirement
   830 | D:1      | 830 ||| ACQUIRING amulet "Afa Huol" {Reflect rPois rCorr
                  | SH+5}
   830 | D:1      | Acquired the amulet "Afa Huol" {Reflect rPois rCorr SH+5}
   832 | D:1      | 832 ||| UPGRADING to amulet "Afa Huol" {Reflect rPois rCorr
                  | SH+5}.
   837 | D:1      | 837 ||| DRINKING 2 bubbling cyan potions.
   845 | D:1      | 845 ||| DROPPING scroll of poison.
   846 | D:1      | 846 ||| DROPPING potion of ambrosia.
   957 | D:2      | Reached skill level 4 in Ranged Weapons
   980 | D:2      | Noticed Natasha
   985 | D:2      | Killed Natasha
   986 | D:2      | Reached XP level 4. HP: 36/36 MP: 4/4
  1143 | D:2      | Noticed Terence
  1155 | D:2      | HP: 8/36 [Terence/+0 mace (3)]
  1156 | D:2      | 1156 ||| READING scroll of teleportation.
  1157 | D:2      | HP: 2/36 [Terence/+0 mace (6)]
  1159 | D:2      | Slain by Terence

Levels and vault maps discovered:
D:1:      ncdulo_halloftheorcs, layout_loops_ring, minmay_misc_feat_tower,
          hangedman_decor_clover_reticule, nrook_loot_triangle,
          minmay_misc_feat_encased, minmay_vboxes
D:2:      layout_loops_ring, grunt_decor_cap, uniq_natasha, uniq_terence

Skill      XL: |  1  2  3 |
---------------+----------+-----
Ranged Weapons | 3 4 |  4.9
Fighting       | 2 |  2.0
Dodging        | |  2.1
Spellcasting   | |  1.0
Hexes          | |  2.0

Action                     |  1- 3 |  4- 6 || total
---------------------------+-------+-------++-------
   Fire: Sling             |    96 |    48 ||   144
    Use: Scroll            |     2 |     1 ||     3
         Potion            |     1 |       ||     1
 Armour: Robe              |     5 |       ||     5
         Leather armour    |     1 |     3 ||     4
  Dodge: Dodged            |    37 |    13 ||    50
  Block: Other             |       |     6 ||     6

Table legend:
 A = Non-vault XP
 B = Vault XP
 C = Vault XP percentage of total XP
 D = Non-vault monster count
 E = Vault monster count
 F = Vault count percentage of total count
                 A         B        C        D         E       F
            +---------+---------+-------+---------+---------+-------
      Total |      86 |      46 |  34.8 |      35 |       7 |  16.7
            +---------+---------+-------+---------+---------+-------
        D:1 |      33 |      11 |  25.0 |      24 |       6 |  20.0
        D:2 |      53 |      35 |  39.8 |      11 |       1 |   8.3
            +---------+---------+-------+---------+---------+-------
